 Dungeon Crawl Stone Soup version 0.18-a0-1454-g5e6cd1e (webtiles) character file.

186 Proton the Shield-Bearer (level 5, -3/42 HPs)
             Began as a Formicid Fighter on Mar 1, 2016.
             Slain by Menkaure (9 damage)
             ... on level 4 of the Dungeon.
             The game lasted 00:04:46 (2217 turns).

Proton the Shield-Bearer (Formicid Fighter)         Turns: 2217, Time: 00:04:46

Health: -3/42      AC:  9    Str: 22    XL:     5   Next: 98%
Magic:  5/5        EV:  7    Int:  7    God:
Gold:   29         SH: 10    Dex: 10    Spells: 0 memorised, 4 levels left

rFire  . . .     SeeInvis +     a - +0 long sword
rCold  . . .     Gourm    .     o - +0 chain mail
rNeg   . . .     Faith    .     c - +0 shield
rPois  .         Spirit   .     (helmet unavailable)
rElec  .         Dismiss  .     (no cloak)
rCorr  .         Reflect  .     (no gloves)
SustAt .         Harm     .     (no boots)
MR     .....                    (no amulet)
Stlth  ..........               (no ring)
                                (no ring)

@: not resistant to hostile enchantments, extremely unstealthy
A: permanent stasis, dig shafts and tunnels, four strong arms, antennae 3
a: Dig, Shaft Self


You were on level 4 of the Dungeon.
You were not hungry.

You visited 1 branch of the dungeon, and saw 4 of its levels.

You collected 29 gold pieces.

Inventory:

Hand Weapons
 a - a +0 long sword (weapon)
Missiles
 h - 4 javelins (quivered)
Armour
 c - a +0 shield (worn)
 o - a +0 chain mail (worn)
Scrolls
 e - 5 scrolls of identify {unknown}
 j - a scroll of magic mapping {unknown}
 k - a scroll of remove curse {unknown}
 n - a scroll of immolation {unknown}
Potions
 b - a potion of mutation {unknown}
 d - a potion of might
 g - 3 potions of degeneration {unknown}
 l - 2 potions of lignification {unknown}
Comestibles
 f - 2 bread rations
 i - 2 chunks of flesh


   Skills:
 + Level 3.9 Fighting
 + Level 3.0 Long Blades
 + Level 4.2 Armour
 + Level 2.1 Dodging
 + Level 4.6 Shields


You had 4 spell levels left.
You didn't know any spells.

Dungeon Overview and Level Annotations

Branches:
Dungeon (3/15)

Altars:
Ashenzari
Trog
Vehumet
Yredelemnul

Annotations:
D:3 Duskembrace's ghost, amateur DsMo
D:4 Menkaure


Innate Abilities, Weirdness & Mutations

You are under a permanent stasis effect.
You can dig through walls and to a lower floor.
Your four strong arms can wield two-handed weapons with a shield.
You have a pair of large antennae on your head (SInv).


Message History

You are too injured to fight recklessly!
You are too injured to fight recklessly!
You are too injured to fight recklessly!
You are too injured to fight recklessly!
You are too injured to fight recklessly!
You hit Menkaure but do no damage.
Menkaure is severely damaged.
Menkaure hits you!
* * * LOW HITPOINT WARNING * * *
Your chain mail prevents you from hitting Menkaure.
Menkaure is severely damaged.
Menkaure gestures wildly while chanting.
Menkaure seems to speed up.
You completely miss Menkaure.
Menkaure is severely damaged.
Menkaure hits you but does no damage.
You hit Menkaure but do no damage.
Menkaure is severely damaged.
Menkaure hits you!
You die...

#.#..........
#....o.## #
......##...##.#
.#... ##.o{..#
..... #..####
.#.#..###..#
#.##.(...###
......[.#M##
.###.#.#{#@#
#....#### {
#..#. ##...
##.. ###


You could see Menkaure.

Vanquished Creatures
  3 orc wizards
  4 adders (D:2)
  3 worms (D:2)
  A dart slug (D:2)
  10 orcs
  2 giant cockroaches
  3 goblins
  3 hobgoblins (D:2)
  2 jackals (D:1)
  3 bats
  2 giant newts
  A jackal skeleton (D:4)
  8 kobolds
  3 rats
48 creatures vanquished.

Notes
Turn   | Place    | Note
--------------------------------------------------------------
     0 | D:1      | Proton the Formicid Fighter began the quest for the Orb.
     0 | D:1      | Reached XP level 1. HP: 18/18 MP: 1/1
   372 | D:1      | Reached XP level 2. HP: 21/24 MP: 2/2
   632 | D:2      | Reached skill level 1 in Dodging
   682 | D:2      | Found a shattered altar of Ashenzari.
   692 | D:2      | Found a radiant altar of Vehumet.
   692 | D:2      | Found a basalt altar of Yredelemnul.
   695 | D:2      | Found a bloodstained altar of Trog.
   765 | D:2      | Reached XP level 3. HP: 14/29 MP: 3/3
  1489 | D:2      | Reached XP level 4. HP: 26/35 MP: 4/4
  1879 | D:2      | Reached XP level 5. HP: 27/42 MP: 5/5
  2003 | D:3      | Noticed Duskembrace's ghost (amateur DsMo)
  2122 | D:2      | You fall through a shaft for 2 floors!
  2176 | D:4      | Noticed Menkaure
  2217 | D:4      | Slain by Menkaure

Vault maps used:
D:1:      dpeg_arrival_fog
D:2:      minitemple
D:3:      kennysheep_big_flooded_room, lemuel_tele_altar
D:4:      serial_shops, shop, minmay_bisected, uniq_eustachio, uniq_menkaure

Skill      XL: |  1  2  3  4  5 |
---------------+----------------+-----
Dodging        | 1 2 |  2.1
Shields        | 4 |  4.6
Armour         | 4 |  4.2
Long Blades    | 3 |  3.0
Fighting       | |  3.9

Action                   |  1- 3 |  4- 6 || total
-------------------------+-------+-------++-------
Melee: Long sword        |    92 |   115 ||   207
 Abil: Dig               |       |     1 ||     1
       Shaft Self        |       |     1 ||     1
  Eat: Chunk             |     1 |     4 ||     5
